 Dungeon Crawl Stone Soup version 0.31-a0-846-gb3bcc0d938 (webtiles) character file.

Game seed: 5937699564957893111

18794 Danienth the Mimic (level 12, -25/116 (122) HPs)
             Began as a Troll Shapeshifter on Oct 3, 2023.
             Was the Champion of Ru.
             Annihilated by an ettin
             ... wielding a +0 dire flail
              (32 damage)
             ... on level 12 of the Dungeon.
             The game lasted 00:59:53 (11078 turns).

Danienth the Mimic (Troll Shapeshifter)            Turns: 11078, Time: 00:59:54

HP:   -25/116 (122) AC:  7    Str: 25    XL:     12   Next: 30%
MP:   14/14         EV: 11    Int: 14    God:    Ru [******]
Gold: 464           SH:  0    Dex: 11    Spells: 13/15 levels left

rFire   . .          .
                       - Unarmed
rCold   . . .        (shield unavailable)
rNeg    . . .        T - +2 troll leather armour
rPois   .            (helmet currently unavailable)
rElec   .            K - melded +2 cloak
rCorr   .            (gloves unavailable)
SInv    .            (boots unavailable)
Will    .....        (no amulet)
Stlth   ++           (ring unavailable)
HPRegen 1.99/turn    q - +6 ring of intelligence
MPRegen 0.14/turn

%: no passive effects
@: exhausted, beast-form, lightly drained
A: beast (slay +4), large, unfitting armour, claws 3, regeneration 1, shaggy fur
1, tough skin 1, inability to read after injury 2, missing a hand, hated by all,
inability to train armour
a: Begin Untransformation, Renounce Religion, Draw Out Power, Power Leap,
Apocalypse


You were on level 12 of the Dungeon.
You worshipped Ru.
Ru was exalted by your worship.
You were a hulking beast.
You visited 1 branch of the dungeon, and saw 12 of its levels.
You also visited: Ossuary and Bailey.

You collected 1046 gold pieces.
You spent 582 gold pieces at shops.

Inventory:

Hand Weapons
 t - a +2 hand axe of draining
 A - a +0 triple sword of venom
 E - a +7 flail of venom
 L - a +4 scimitar of flaming
 M - a +1 sling of freezing
 R - a +5 flail
Missiles
 f - 3 throwing nets
 m - 14 poisoned darts
 o - 10 javelins
 B - 16 boomerangs (quivered)
 C - 4 silver javelins
 O - 5 curare-tipped darts
Armour
 a - a +2 animal skin
 K - a +2 cloak (melded)
 Q - +0 acid dragon scales
 T - a +2 troll leather armour (worn)
Magical Staves
 i - a staff of conjuration
Jewellery
 q - a +6 ring of intelligence (right claw)
 s - a ring of resist corrosion
 P - a ring of protection from fire
 W - an amulet of magic regeneration
Talismans
 c - a beast talisman (active)
 d - a flux talisman
 y - a maw talisman
Wands
 v - a wand of quicksilver (3)
 D - a wand of roots (10)
 G - a wand of charming (18)
 H - a wand of flame (31)
Scrolls
 h - a scroll of vulnerability
 n - 4 scrolls of amnesia {unknown}
 u - a scroll of immolation
 z - 2 scrolls of enchant weapon
 F - a scroll of poison
 S - 2 scrolls of blinking
 U - 2 scrolls of teleportation
Potions
 b - a potion of lignification
 e - a potion of enlightenment
 g - 7 potions of curing
 j - 3 potions of cancellation
 k - a potion of haste
 l - 3 potions of ambrosia
 p - a potion of brilliance {unknown}
 r - 3 potions of attraction
 w - a potion of degeneration {unknown}
 x - a potion of berserk rage {unknown}
 I - 2 potions of resistance
 J - 3 potions of might
 V - a potion of heal wounds
Miscellaneous
 N - a phial of floods


   Skills:
 * Level 8.4 Fighting
 - Level 3.8 Throwing
 + Level 5.1 Dodging
 - Level 2.5 Stealth
 + Level 9.6 Unarmed Combat
 - Level 2.1 Spellcasting
 - Level 2.6 Transmutations
 - Level 11.4 Shapeshifting


You had 13 spell levels left.
You knew the following spells:

 Your Spells              Type           Power      Damage    Failure   Level
a - Wereblood             Tmut           8%         N/A       14%         2

Your spell library contained the following spells:

 Spells                   Type           Power      Damage    Failure   Level
 Kiss of Death            Conj/Necr      4%         2d5       26%         1
 Shock                    Conj/Air       4%         1d3       26%         1
 Slow                     Hex            4%         N/A       26%         1
 Sublimation of Blood     Necr           1%         N/A       38%         2
 Confusing Touch          Hex            1%         N/A       63%         3
 Hailstorm                Conj/Ice       1%         3d3       63%         3
 Ozocubu's Armour         Ice            1%         N/A       63%         3
 Sigil of Binding         Hex            1%         N/A       63%         3
 Stone Arrow              Conj/Erth      2%         3d7       63%         3
 Vampiric Draining        Necr           1%         2d6       63%         3
 Anguish                  Hex/Necr       0%         N/A       95%         4
 Brom's Barrelling Bould  Conj/Erth      1%         2d3       95%         4
 Cause Fear               Hex            0%         N/A       95%         4
 Dispel Undead            Necr           1%         3d6       95%         4
 Lee's Rapid Deconstruct  Erth           0%         3d4*      100%        5
 Enfeeble                 Hex            0%         N/A       100%        7
 Ozocubu's Refrigeration  Ice            0%         4d7       100%        7
 Animate Armour           Summ/Erth      Unusable   N/A       N/A         4
 Summon Lightning Spire   Summ/Air       Unusable   N/A       N/A         4
 Summon Hydra             Summ           Unusable   N/A       N/A         7

Dungeon Overview and Level Annotations

Branches:
Dungeon (12/15)            Temple (0/1) D:6            Lair (0/5) D:11
Ossuary (visited)          Bailey (visited)
    Orc: D:9-12

Altars:
Ru
Trog
Zin

Shops:
D:8 *   D:9 !

Portals:
Abyss: D:4

Annotations:
D:4 2 transporters
D:10 2 transporters, gelatine's ghost, journeyman DsGl


Innate Abilities, Weirdness & Mutations

You are a hulking beast.
Your limbs bulge with bestial killing power. (Slay +4)
You are too large for most types of armour.
You have claws for hands.
Your natural rate of healing is unusually fast.
You are covered in fur. (AC +1)
You have tough skin. (AC +1)
You sometimes lose the ability to read scrolls when taking damage.
You are missing a hand.
You are hated by all.
You cannot train Armour skill.


Message History

The two-headed ogre barely misses you. x2
You mangle the two-headed ogre!!
You kill the two-headed ogre!
No target in view!
No target in view!
No target in view!
n - 4 scrolls labelled EMNAER LECLUE (gained 3)
G - a wand of charming (18) (gained 6 charges)
An ettin comes into view. It is wielding two +0 dire flails.
The ettin shouts in stereo!
The ettin hits you with a +0 dire flail!!!
The ettin closely misses you.
You mangle the ettin!!
The ettin is moderately wounded.
The ettin hits you with a +0 dire flail.
The ettin hits you with a +0 dire flail!
You claw the ettin!
The ettin is heavily wounded.
The ettin hits you with a +0 dire flail!! x2
* * * LOW HITPOINT WARNING * * *
You are too injured to fight recklessly!
You are too injured to fight recklessly!
You are too injured to fight recklessly!
You are too injured to fight recklessly!
You are too injured to fight recklessly!
Attack: -) Claws
Press: ? - help, Dir - move target, f - ettin
Aim: an ettin, wielding two +0 dire flails (heavily wounded, about 13% to evade your claw)
You claw the ettin!
The ettin is severely wounded.
The ettin hits you with a +0 dire flail!
* * * LOW HITPOINT WARNING * * *
The ettin hits you with a +0 dire flail!
* * * LOW HITPOINT WARNING * * *
You are restored by drawing out deep reserves of power within.
You feel drained.
The ettin hits you with a +0 dire flail!!
* * * LOW HITPOINT WARNING * * *
The ettin hits you with a +0 dire flail!!
You die...

##......##......##
.###.....###.....###
...................#
...................#
#....####....####..#
##..##..##..##..##.#
#..#.)..#..#....#.#
#..#....#..#..C.#.#
...##......##..h..#
###.....###...#
................#
#################


You could see an ettin.

Vanquished Creatures
  Erica (D:8)
  3 two-headed ogres
  4 skeletal warriors (D:11)
  An orc knight (Bailey)
  An ugly thing (D:11)
  A gargoyle (D:10)
  Joseph (D:10)
  2 unseen horrors
  A kobold demonologist (D:11)
  A komodo dragon (D:12)
  Jeremiah (D:8)
  2 trolls (D:11)
  Prince Ribbit (D:5)
  4 slime creatures (D:12)
  2 shadows (D:12)
  A wyvern (D:10)
  A vampire (D:12)
  A wraith (D:12)
  18 yaks
  A basilisk (D:12)
  A steam dragon (D:9)
  4 vampire mosquitoes (D:11)
  Edmund (D:6)
  3 acid dragons
  A water moccasin (D:7)
  11 orc warriors (Bailey)
  5 black bears
  An ice beast (D:6)
  An ogre (D:7)
  5 sky beasts
  5 centaurs
  2 elf zombies (Ossuary)
  A phantom (D:7)
  2 bullfrogs (D:8)
  3 scorpions (D:6)
  12 wights
  8 killer bees
  6 howler monkeys
  A centaur zombie (Ossuary)
  Crazy Yiuf (D:7)
  2 hounds
  3 jellies
  A gnoll bouda (D:9)
  6 orc priests
  A human zombie (Ossuary)
  3 iguanas
  14 orc wizards
  A sleepcap (D:6)
  Natasha (twice) (D:3)
  2 mummies (Ossuary)
  4 river rats (D:6)
  3 adders
  10 gnolls
  2 shadow imps
  2 white imps
  2 adder zombies (Ossuary)
  3 worms
  A dart slug (D:1)
  41 orcs
  7 ball pythons
  4 bats
  7 endoplasms
  10 giant cockroaches
  12 goblins
  4 hobgoblins
  2 jackals (D:1)
  5 kobolds
  11 quokkas
  2 frilled lizards
  A goblin zombie (Ossuary)
  10 hobgoblin zombies (Ossuary)
  2 jackal zombies (Ossuary)
  8 kobold zombies (Ossuary)
  7 orc zombies (Ossuary)
  7 rats
  4 rat zombies
328 creatures vanquished.

Vanquished Creatures (others)
  A slime creature (D:12)
  A yak (D:9)
  An orc warrior (D:7)
3 creatures vanquished.

Grand Total: 331 creatures vanquished

Notes
Turn   | Place    | Note
-------+----------+-------------------------------------------
     0 | D:1      | Danienth the Troll Shapeshifter began the quest for the
                  | Orb.
     0 | D:1      | Reached XP level 1. HP: 18/18 MP: 0/0
     1 | D:1      | Found a runed translucent door.
    42 | D:1      | Reached skill level 1 in Fighting
   154 | D:1      | Found a faded altar of an unknown god.
   160 | D:1      | Prayed at the altar of an unknown god.
   160 | D:1      | Became a worshipper of Ru the Awakened
   175 | D:1      | Gained mutation: You cannot train Armour skill. [Ru
                  | sacrifice]
   175 | D:1      | Reached * piety under Ru
   231 | D:1      | Reached XP level 2. HP: 27/27 MP: 1/1
   500 | D:1      | Reached XP level 3. HP: 34/35 MP: 2/2
   948 | D:2      | Reached XP level 4. HP: 42/42 MP: 3/3
  1278 | D:3      | Identified the +1 leather armour of Cutidgha {Rampage}
  1432 | D:3      | Noticed Natasha
  1444 | D:3      | Killed Natasha
  1576 | D:3      | Found a faded altar of an unknown god.
  1579 | D:3      | Found a basalt altar of Yredelemnul.
  1588 | D:3      | Noticed Natasha
  1596 | D:3      | Killed Natasha
  1597 | D:3      | Reached XP level 5. HP: 52/52 MP: 4/4
  1623 | D:4      | Found a transporter.
  1683 | D:4      | Identified the +0 rapier of the Last Mice {venom, *Corrode
                  | rPois rC+ Int+8}
  1696 | D:4      | Found a transporter.
  1734 | D:4      | Found a one-way gate to the infinite horrors of the Abyss.
  1734 | D:4      | Noticed a small abomination
  1765 | D:4      | Learned a level 2 spell: Wereblood
  2213 | D:4      | Noticed a small abomination
  2224 | D:5      | Entered Level 5 of the Dungeon
  2246 | D:5      | Reached skill level 1 in Transmutations
  2246 | D:5      | Reached XP level 6. HP: 57/61 MP: 4/6
  2305 | D:5      | Reached skill level 1 in Spellcasting
  2309 | D:5      | Gained mutation: You are missing a hand. [Ru sacrifice]
  2309 | D:5      | Reached ** piety under Ru
  2309 | D:5      | Reached *** piety under Ru
  2760 | D:5      | Noticed Prince Ribbit
  2781 | D:5      | Killed Prince Ribbit
  2782 | D:5      | Reached XP level 7. HP: 25/67 MP: 7/9
  3054 | D:5      | Reached skill level 5 in Unarmed Combat
  3399 | D:6      | Reached skill level 1 in Throwing
  3423 | D:6      | Reached XP level 8. HP: 78/78 MP: 10/10
  4000 | D:6      | Noticed Edmund
  4005 | D:6      | Found a faded altar of an unknown god.
  4006 | D:6      | Killed Edmund
  4007 | D:6      | Reached skill level 4 in Shapeshifting
  4007 | D:6      | Found a hazy altar of Hepliaklqana.
  4154 | D:6      | Found a staircase to the Ecumenical Temple.
  4489 | D:7      | Reached XP level 9. HP: 86/87 MP: 11/11
  4490 | D:7      | Gained mutation: You occasionally lose the ability to read
                  | scrolls when taking damage. [Ru sacrifice]
  4490 | D:7      | Gained mutation: You sometimes lose the ability to read
                  | scrolls when taking damage. [Ru sacrifice]
  4490 | D:7      | Reached **** piety under Ru
  4490 | D:7      | Reached ***** piety under Ru
  4590 | D:7      | Reached skill level 5 in Fighting
  4735 | D:7      | Found a runed translucent door.
  4736 | D:7      | Noticed Crazy Yiuf
  5077 | D:7      | Found a bloodstained altar of Trog.
  5224 | D:7      | Killed Crazy Yiuf
  5282 | D:8      | Found Amurph's CLEARANCE SALE!.
  5304 | D:8      | Noticed Jeremiah
  5315 | D:8      | Killed Jeremiah
  5316 | D:8      | Reached skill level 5 in Shapeshifting
  5397 | D:8      | Reached skill level 6 in Shapeshifting
  5452 | D:8      | Noticed Erica
  5474 | D:8      | Killed Erica
  5475 | D:8      | Reached skill level 7 in Shapeshifting
  5475 | D:8      | Reached XP level 10. HP: 46/96 MP: 12/12
  5681 | D:8      | Reached skill level 8 in Shapeshifting
  5719 | D:8      | Got a shiny book
  5772 | D:8      | Bought a phial of floods for 240 gold pieces
  5772 | D:8      | Bought a scroll of identify for 12 gold pieces
  5817 | D:8      | Found a sand-covered staircase.
  5825 | Ossuary  | Entered an ossuary
  6530 | D:9      | Reached skill level 9 in Shapeshifting
  6542 | D:9      | Gained mutation: You are hated by all. [Ru sacrifice]
  6542 | D:9      | Reached ****** piety under Ru
  6600 | D:9      | Upgraded the game from 0.31-a0-845-g9abc20d24f to
                  | 0.31-a0-846-gb3bcc0d938
  6785 | D:9      | Found Tituph's Distillery.
  6793 | D:9      | Bought a potion of curing for 45 gold pieces
  6793 | D:9      | Bought 2 potions of ambrosia for 240 gold pieces
  6793 | D:9      | Bought a potion of curing for 45 gold pieces
  6831 | D:9      | Reached skill level 10 in Shapeshifting
  7062 | D:9      | Reached skill level 11 in Shapeshifting
  7069 | D:9      | Reached XP level 11. HP: 63/104 MP: 13/13
  7113 | D:9      | Found a flagged portal.
  7117 | Bailey   | Entered a bailey
  7865 | Bailey   | Noticed an orc knight
  7957 | Bailey   | Killed an orc knight
  8123 | D:9      | Reached skill level 1 in Stealth
  8284 | D:10     | Entered Level 10 of the Dungeon
  8284 | D:10     | Noticed a two-headed ogre
  8294 | D:10     | Killed a two-headed ogre
  8402 | D:10     | Noticed Joseph
  8408 | D:10     | Killed Joseph
  8678 | D:10     | Found a glowing silver altar of Zin.
  8806 | D:10     | Found a transporter.
  8806 | D:10     | Noticed gelatine's ghost (journeyman DsGl)
  8806 | D:10     | Noticed a seven-headed hydra
  8807 | D:10     | Noticed a cyan ugly thing
  8851 | D:10     | Found a transporter.
  9044 | D:10     | Noticed a two-headed ogre
  9054 | D:10     | Killed a two-headed ogre
  9721 | D:11     | Noticed a cyan ugly thing
  9734 | D:11     | Killed a cyan ugly thing
 10012 | D:11     | Noticed a skeletal warrior
 10012 | D:11     | Noticed a skeletal warrior
 10012 | D:11     | Noticed a skeletal warrior
 10012 | D:11     | Noticed a skeletal warrior
 10024 | D:11     | Killed a skeletal warrior
 10028 | D:11     | Killed a skeletal warrior
 10035 | D:11     | Killed a skeletal warrior
 10036 | D:11     | Reached XP level 12. HP: 78/117 MP: 14/14
 10211 | D:11     | Found a staircase to the Lair.
 10924 | D:12     | Reached skill level 5 in Dodging
 11034 | D:12     | Noticed a two-headed ogre
 11041 | D:12     | Killed a two-headed ogre
 11072 | D:12     | Noticed an ettin
 11077 | D:12     | HP: 1/122 [ettin/+0 dire flail (11)]
 11078 | D:12     | Annihilated by an ettin

Illustrated notes

Levels and vault maps discovered:
D:1:      dpeg_arrival_caged_fury, layout_basic, chequers_ecumenical_altar_lobes
D:2:      layout_basic, minmay_door_square, ebering_dispersal_statue_hall
D:3:      layout_rooms, nicolae_overflow_ecumenical_swirl,
          chequers_serial_rivers_micro_c, hangedman_decor_lopped, uniq_natasha
D:4:      layout_loops_ring, gammafunk_ghost_abyssal_escape, serial_park_tiny_1
D:5:      layout_cave_pools, kennysheep_doodads,
          minmay_a_box_with_orc_wizards_in_it, uniq_prince_ribbit1
D:6:      wad_woods_tower, layout_basic, beargit_hepliaklqana_dungeon_heroes,
          minmay_temple_entry_statues_fountains, amethyst_killhole, st_stairs_3,
          kennysheep_generic_room_16
D:7:      layout_gridville, trog_ov_bears_minmay, uniq_crazy_yiuf_cottage
D:8:      layout_loops_ring, enter_ossuary_3, nicolae_shop_clearance,
          uniq_jeremiah, uniq_erica
D:9:      layout_loops_ring, serial_shops, nicolae_stop_n_shop_1,
          enter_bailey_3, corexii_corridor_pit
D:10:     layout_roguey, marbit_many_paths, gammafunk_ghost_arena, uniq_joseph
D:11:     layout_roguey, lair_entry_dummy, grunt_decor_fettered
D:12:     kennysheep_scales, layout_cave_pods, david_orc_2

Skill      XL: |  1  2  3  4  5  6  7  8  9 10 11 12 |
---------------+-------------------------------------+-----
Fighting       | 1 2 3 4 5 7 8 |  8.4
Unarmed Combat | 4 5 6 7 9 |  9.6
Transmutations | 1 2 |  2.6
Spellcasting   | 2 |  2.1
Dodging        | 2 3 4 5 |  5.1
Throwing       | 1 3 |  3.8
Shapeshifting  | 4 7 11 | 11.4
Stealth        | 2 |  2.5

Action                     |  1- 3 |  4- 6 |  7- 9 | 10-12 || total
---------------------------+-------+-------+-------+-------++-------
  Melee: Unarmed           |    81 |   127 |   223 |   482 ||   913
         Punch             |     1 |     3 |       |       ||     4
         Maw               |       |       |       |    21 ||    21
  Throw: Dart              |       |     8 |       |    15 ||    23
         Javelin           |       |       |       |     9 ||     9
         Boomerang         |       |       |       |    10 ||    10
         Throwing net      |       |       |       |     1 ||     1
   Cast: Wereblood         |       |       |       |     1 ||     1
 Invoke: Sacrifice Durabil |     1 |       |       |       ||     1
         Draw Out Power    |       |     2 |     1 |     3 ||     6
         Sacrifice a Hand  |       |     1 |       |       ||     1
         Power Leap        |       |       |     1 |     4 ||     5
         Sacrifice Words   |       |       |     1 |       ||     1
         Sacrifice Love    |       |       |       |     1 ||     1
Ability: Begin Untransform |       |     1 |     1 |     3 ||     5
  Evoke: Wand              |       |     2 |     7 |       ||     9
    Use: Scroll            |       |    12 |     4 |    11 ||    27
         Potion            |       |     2 |       |    14 ||    16
   Stab: Sleeping          |     1 |       |     1 |     2 ||     4
         Invisible         |       |     1 |     2 |     1 ||     4
         Paralysed         |       |       |     2 |    13 ||    15
         Distracted        |       |       |       |     1 ||     1
 Armour: Animal skin       |    45 |    99 |   151 |   184 ||   479
         Skin              |       |       |       |    41 ||    41
         Troll leather arm |       |       |       |    83 ||    83
  Dodge: Dodged            |    23 |    77 |    77 |   177 ||   354
   Form: Beast             |       |     1 |     1 |     2 ||     4
         Maw               |       |       |       |     1 ||     1

Table legend: (Time is in decaauts)
 A = Elapsed time spent in this place.
 B = Non-inter-level travel time spent in this place.
 C = Inter-level travel time spent in this place.
 D = Time resting spent in this place.
 E = Time spent auto-exploring this place.
 F = Levels seen in this place.
 G = Mean time per level.
                   A        B        C        D        E       F      G
               +--------+--------+--------+--------+--------+-----+--------+
         Total |  10895 |   9992 |    903 |   1515 |   6413 |  14 |  778.2 |
       Dungeon |   9681 |   8778 |    903 |   1016 |   6122 |  12 |  806.8 |
       Ossuary |    255 |    255 |      0 |      6 |    124 |   1 |  255.0 |
        Bailey |    958 |    958 |      0 |    493 |    167 |   1 |  958.0 |
               +--------+--------+--------+--------+--------+-----+--------+

Top non-repeatable levels by time:
     D:6: 1159 daAuts
    D:10: 1050 daAuts
    D:11: 1035 daAuts
     D:5: 972 daAuts
  Bailey: 958 daAuts
     D:8: 935 daAuts
     D:7: 900 daAuts
     D:9: 755 daAuts
    D:12: 660 daAuts
     D:4: 621 daAuts
     D:2: 574 daAuts
     D:1: 512 daAuts
     D:3: 503 daAuts
 Ossuary: 255 daAuts
